 Dungeon Crawl Stone Soup version 0.31-a0-865-g3d5d91748a (webtiles) character file.

Game seed: 12999136674410400389

828 wvc the Conjurer (level 7, -10/36 HPs)
             Began as a Gargoyle Fire Elementalist on Oct 10, 2023.
             Was an Initiate of Vehumet.
             Mangled by an ogre
             ... wielding a +0 giant club
              (14 damage)
             ... on level 5 of the Dungeon.
             The game lasted 00:13:25 (3763 turns).

wvc the Conjurer (Gargoyle Fire Elementalist)       Turns: 3763, Time: 00:13:25

Health: -10/36     AC:  8    Str: 11    XL:     7   Next: 97%
Magic:  22/22      EV: 11    Int: 18    God:    Vehumet [......]
Gold:   152        SH:  0    Dex: 10    Spells: 5/15 levels left

rFire   . . .        y - +0 rapier
rCold   . . .        (no shield)
rNeg    + . .        i - +0 robe {Will+}
rPois   ∞            l - +0 helmet
rElec   +            x - +0 cloak
rCorr   .            (no gloves)
SInv    .            (no boots)
Will    +....        g - amulet of magic regeneration
Stlth   ++           v - ring of magical power
HPRegen 0.26/turn    (no ring)
MPRegen 0.58/turn

%: no passive effects
@: no status effects
A: sickness immunity, AC +4, negative energy resistance 1, electricity
resistance, torment resistance 1, petrification resistance
a: Renounce Religion


You were on level 5 of the Dungeon.
You worshipped Vehumet.
Vehumet was noncommittal.
You visited 2 branches of the dungeon, and saw 7 of its levels.

You collected 152 gold pieces.

Inventory:

Hand Weapons
 y - a +0 rapier (weapon)
Missiles
 c - 63 stones
 n - 5 javelins
 t - 2 poisoned darts
Armour
 i - a +0 robe of willpower (worn)
 l - a +0 helmet (worn)
 x - a +0 cloak (worn)
Jewellery
 g - an amulet of magic regeneration (around neck)
 q - a ring of protection from cold
 v - a ring of magical power (left hand)
Talismans
 s - a storm talisman
Wands
 z - a wand of mindburst (13)
Scrolls
 d - 2 scrolls of teleportation {unknown}
 e - 2 scrolls of enchant armour {unknown}
 f - a scroll of fear {unknown}
 k - a scroll of immolation {unknown}
 o - a scroll of fog {unknown}
 p - a scroll of noise {unknown}
 w - a scroll of blinking {unknown}
Potions
 a - 2 potions of curing
 b - 2 potions of magic
 h - 2 potions of haste
 j - a potion of invisibility
 m - a potion of heal wounds
 r - a potion of enlightenment
 u - a potion of lignification


   Skills:
 - Level 1.5 Dodging
 - Level 2.1 Stealth
 + Level 4.6 Spellcasting
 * Level 6.0 Conjurations
 + Level 5.5 Fire Magic


You had 5 spell levels left.
You knew the following spells:

 Your Spells              Type           Power      Damage    Failure   Level
a - Foxfire               Conj/Fire      100%       2x1d9     1%          1
b - Scorch                Fire           48%        2d7       2%          2
c - Flame Wave            Conj/Fire      25%        2d8       13%         4
d - Mephitic Cloud        Conj/Pois/Air  11%        N/A       19%         3

Your spell library contained the following spells:

 Spells                   Type           Power      Damage    Failure   Level
 Inner Flame              Hex/Fire       14%        N/A       13%         3
 Volatile Blastmotes      Fire/Tloc      28%        2d12      13%         3
 Sting                    Tmut/Pois      16%        1d3       14%         1
 Poisonous Vapours        Pois/Air       8%         N/A       22%         2
 Olgreb's Toxic Radiance  Pois           4%         N/A       80%         4
 Freezing Cloud           Conj/Ice/Air   5%         6-21      86%         5


Dungeon Overview and Level Annotations

Branches:
Dungeon (6/15)             Temple (1/1) D:4

Altars:
Cheibriados
Dithmenos
Elyvilon
Fedhas
Gozag
Hepliaklqana
Kikubaaqudgha
Makhleb
Nemelex Xobeh
Okawaru
Qazlal
Ru
Uskayaw
Vehumet
Wu Jian
Xom
Yredelemnul
The Shining One

Shops:
D:1 [!:


Innate Abilities, Weirdness & Mutations

You are immune to sickness and miasma.
Your stone body is resilient. (AC +4)
You are immune to poison.
You resist negative energy. (rN+)
You are resistant to electric shocks. (rElec)
You are resistant to unholy torment.
You are immune to petrification.


Message History

You conjure some foxfire!
The foxfire hits Blork the orc.
Blork the orc is heavily wounded.
The foxfire hits Blork the orc.
Blork the orc is severely wounded.
Casting: Foxfire (safe; 1% risk of failure)
Press: ? - help, Q - select action, (/) - cycle Dir - look around, f - activate You conjure some foxfire!
The foxfire hits Blork the orc.
Blork the orc is almost dead.
The foxfire hits Blork the orc.
You kill Blork the orc!
Vehumet accepts your kill.
Your Conjurations skill increases to level 6!
Things that are here:
a +0 halberd; a +0 robe; the orc corpse of Blork the orc You see here a +0 club.
Found a stone staircase leading down.
You now have 152 gold pieces (gained 14).
Done exploring.
Done exploring.
There is a stone staircase leading down here.
You climb downwards.
Found a scroll labelled HID OLOATOANY.
Found a stone staircase leading down.
There is a stone staircase leading up here.
The helpless ogre fails to defend itself.
You hit the ogre.
The ogre is lightly wounded.
The iguana hisses angrily.
The ogre hits you with a +0 giant club!
The ogre hits you with a +0 giant club!!
Ouch! That really hurt!
* * * LOW HITPOINT WARNING * * *
The iguana closely misses you.
You climb upwards.
There is a stone staircase leading down here.
The iguana bites you.
* * * LOW HITPOINT WARNING * * *
The ogre attacks as it pursues you! The ogre hits you with a +0 giant club!
You die...

...###........................##.
#######....###...................
#.....#..###.................#.
#.>.......##.#####..........##.
#.....##.....###...)...........
#.....###.##.....##........###.
##.......#.##.#.................
##.....#.......#O#.............#<
#..#...#.......l@#.............#.
..##.#.........................##
####.#.......#..###............#
#...#..####....# #...........###
##.##..<........####.............
#..#..............###....###.####
..##.......)....#.###.##.....#
..............###'##.....#####
..###..)[.....#....####...#######


You could see an ogre and an iguana.

Vanquished Creatures
  2 ogres
  Blork the orc (D:5)
  A scorpion (D:3)
  An orc priest (D:3)
  2 hounds
  3 iguanas
  4 orc wizards
  11 gnolls
  6 adders
  A shadow imp (D:5)
  A white imp (D:5)
  2 worms
  A dart slug (D:2)
  12 orcs
  4 endoplasms
  7 giant cockroaches
  10 goblins
  7 hobgoblins
  2 jackals (D:2)
  8 kobolds
  5 quokkas
  7 ball pythons
  4 bats
  3 frilled lizards
  7 rats
112 creatures vanquished.

Vanquished Creatures (collateral kills)
  A foxfire (D:5)
1 creature vanquished.

Vanquished Creatures (others)
  335 foxfires
335 creatures vanquished.

Grand Total: 448 creatures vanquished

Notes
Turn   | Place    | Note
-------+----------+-------------------------------------------
     0 | D:1      | wvc the Gargoyle Fire Elementalist began the quest for the
                  | Orb.
     0 | D:1      | Reached XP level 1. HP: 10/10 MP: 3/3
   134 | D:1      | Reached XP level 2. HP: 15/15 MP: 3/5
   228 | D:1      | Found Ypnyw's Distillery.
   229 | D:1      | Found Sororului's Armour Shop.
   305 | D:1      | You fall into a shaft and drop 1 floor!
   822 | D:1      | Found Bauppuf's Book Boutique.
   844 | D:1      | Reached XP level 3. HP: 19/19 MP: 6/6
  1286 | D:2      | Reached skill level 2 in Conjurations
  1384 | D:2      | Reached XP level 4. HP: 24/24 MP: 7/7
  1617 | D:3      | Reached XP level 5. HP: 28/28 MP: 7/9
  1636 | D:3      | Reached skill level 3 in Conjurations
  2201 | D:3      | Reached XP level 6. HP: 8/32 MP: 8/10
  2556 | D:3      | Reached skill level 4 in Conjurations
  2681 | D:4      | Reached skill level 5 in Fire Magic
  2731 | D:4      | Found a stormy altar of Qazlal.
  2820 | D:4      | Reached XP level 7. HP: 36/36 MP: 12/12
  2898 | D:4      | Found an iron altar of Okawaru.
  3059 | D:4      | Found a staircase to the Ecumenical Temple.
  3065 | Temple   | Entered the Ecumenical Temple
  3074 | Temple   | Became a worshipper of Vehumet
  3135 | D:5      | Entered Level 5 of the Dungeon
  3169 | D:5      | Reached skill level 5 in Conjurations
  3186 | D:5      | Learned a level 2 spell: Scorch
  3191 | D:5      | Learned a level 4 spell: Flame Wave
  3200 | D:5      | Learned a level 3 spell: Mephitic Cloud
  3542 | D:6      | Noticed a troll
  3562 | D:5      | Noticed Blork the orc
  3568 | D:5      | Killed Blork the orc
  3569 | D:5      | Reached skill level 6 in Conjurations
  3763 | D:5      | Mangled by an ogre

Illustrated notes

Levels and vault maps discovered:
D:1:      beargit_arrival_greenhouse, layout_loops_ring, serial_shops, shop,
          shop, shop, serial_rivers, chequers_serial_rivers_small_b,
          chequers_serial_rivers_small_a, chequers_serial_rivers_micro_c,
          chequers_serial_rivers_large_b
D:2:      layout_rooms, patterned_corridor
D:3:      cheibrodos_helix_gallery, layout_basic, st_stairs_3,
          minmay_misc_feat_rugged, kennysheep_orc_chapel
D:4:      layout_rooms, okawaru_altar_gauntlet_db,
          mainiacjoe_overflow_surrounded_room, minmay_temple_entry_butterflies
D:5:      layout_rooms, kennysheep_generic_room_14, uniq_blork_the_orc
D:6:      layout_rooms, chequers_serial_rivers_micro_d,
          nicolae_elevator_lobby_asterisk
Temple:   nicolae_temple_superstar

Skill      XL: |  1  2  3  4  5  6  7 |
---------------+----------------------+-----
Conjurations   | 2 3 4 6 |  6.0
Fire Magic     | 4 5 |  5.5
Spellcasting   | 3 4 |  4.6
Dodging        | |  1.5
Stealth        | |  2.1

Action                     |  1- 3 |  4- 6 |  7- 9 || total
---------------------------+-------+-------+-------++-------
  Melee: Unarmed           |     8 |    11 |     6 ||    25
         Rapier            |       |       |     3 ||     3
   Cast: Foxfire           |    50 |    88 |    59 ||   197
    Use: Scroll            |     3 |     3 |     1 ||     7
         Potion            |       |     2 |       ||     2
   Stab: Sleeping          |       |       |     1 ||     1
 Armour: Robe              |    10 |    25 |    21 ||    56
  Dodge: Dodged            |     9 |    25 |    13 ||    47

Table legend: (Time is in decaauts)
 A = Elapsed time spent in this place.
 B = Non-inter-level travel time spent in this place.
 C = Inter-level travel time spent in this place.
 D = Time resting spent in this place.
 E = Time spent auto-exploring this place.
 F = Levels seen in this place.
 G = Mean time per level.
                   A        B        C        D        E       F      G
               +--------+--------+--------+--------+--------+-----+--------+
         Total |   3792 |   3623 |    169 |    125 |   2589 |   7 |  541.7 |
       Dungeon |   3773 |   3612 |    161 |    125 |   2589 |   6 |  628.8 |
        Temple |     18 |     10 |      8 |      0 |      0 |   1 |   18.0 |
               +--------+--------+--------+--------+--------+-----+--------+

Top non-repeatable levels by time:
     D:3: 1029 daAuts
     D:1: 926 daAuts
     D:2: 643 daAuts
     D:5: 623 daAuts
     D:4: 545 daAuts
  Temple: 18 daAuts
     D:6: 4 daAuts
